 Dungeon Crawl Stone Soup version 0.22.1-2-g9c5b331383 (webtiles) character file.

259 Jerry the Cudgeler (level 5, -2/42 HPs)
             Began as a Demonspawn Fighter on Dec 19, 2018.
             Slain by a worker ant (6 damage)
             ... on level 4 of the Dungeon.
             The game lasted 00:06:27 (2174 turns).

Jerry the Cudgeler (Demonspawn Fighter)             Turns: 2174, Time: 00:06:28

Health: -2/42      AC:  7    Str: 17    XL:     5   Next: 94%
Magic:  5/5        EV: 10    Int:  9    God:
Gold:   164        SH:  0    Dex: 15    Spells: 4/4 levels left

rFire    . . .     SeeInvis .   g - +4 whip
rCold    . . .     Gourm    .   (no shield)
rNeg     . . .     Faith    .   p - -2 ring mail (curse)
rPois    .         Spirit   .   (no helmet)
rElec    .         Reflect  .   h - +0 cloak
rCorr    .         Harm     .   (no gloves)
MR       .....                  q - +1 pair of boots
Stlth    +.........             e - amulet of the acrobat
HPRegen  0.14/turn              (no ring)
MPRegen  0.09/turn              (no ring)

@: lethally poisoned (-2 -> -9)
A: hooves 2, thin skeletal structure 1
a: no special abilities


You were on level 4 of the Dungeon.
You were not hungry.

You visited 1 branch of the dungeon, and saw 4 of its levels.

You collected 164 gold pieces.

Inventory:

Hand Weapons
 a - a +1 flail
 g - a +4 whip (weapon)
Armour
 b - a +0 scale mail
 c - a +0 shield
 h - a +0 cloak (worn)
 p - a cursed -2 ring mail (worn)
 q - a +1 pair of boots (worn)
Jewellery
 e - an amulet of the acrobat (around neck)
Scrolls
 i - a scroll of identify
 j - 2 scrolls of teleportation
 k - a scroll of blinking
Potions
 d - 2 potions of might
 l - a potion of magic
 m - 3 potions of mutation {unknown}
 n - a potion of invisibility
Comestibles
 f - 5 rations
 o - 5 chunks of flesh


   Skills:
 + Level 4.2 Fighting
 * Level 4.2 Maces & Flails
 + Level 3.7 Armour
 - Level 2.6 Shields


You had 4 spell levels left.
You didn't know any spells.
Your spell library was empty.

Dungeon Overview and Level Annotations

Branches:
Dungeon (4/15)
 Temple: D:4-7

Altars:
Xom


Innate Abilities, Weirdness & Mutations

You have hoof-like feet.
You have a somewhat thin skeletal structure. (Dex +2, Stealth)


Message History

* * * LOW HITPOINT WARNING * * *
You are lethally poisoned!
The worker ant poisons you!
You barely miss the worker ant.
* * * LOW HITPOINT WARNING * * *
You feel sick. The worker ant closely misses you.
You hit the worker ant but do no damage.
* * * LOW HITPOINT WARNING * * *
You feel sick. The worker ant closely misses you.
You closely miss the worker ant. The worker ant bites you.
* * * LOW HITPOINT WARNING * * *
You hit the worker ant.
The worker ant is lightly wounded.
* * * LOW HITPOINT WARNING * * *
You feel sick. The worker ant barely misses you.
You barely miss the worker ant.
The worker ant is lightly wounded.
* * * LOW HITPOINT WARNING * * *
You feel sick. The worker ant bites you.
You die...

..?..##.#.# ......#.#.#
..<.....#.#
......!.#.######
...............# #. #.#
...##..#.####.# #.
#.###.###..#.# #.#
#.###.......!.)#.####.#
#.....#######@##.##...#
#...........a.##.##.###
####.......########..#.#
...........# ##.#.#
#.....<.# #.#.#
#.#...#.# #.#.# #
#...#.# #.#.# ##....#
#.#.#
####รท#########.#.#


You could see a worker ant.

Vanquished Creatures
  An ogre (D:4)
  A howler monkey (D:3)
  An iguana (D:4)
  An adder (D:3)
  An adder zombie (D:3)
  An adder skeleton (D:4)
  A worm (D:2)
  A dart slug (D:1)
  2 leopard geckos
  9 orcs (D:3)
  6 bats
  9 giant cockroaches
  9 goblins
  5 hobgoblins
  4 jackals (D:3)
  10 kobolds
  2 quokkas (D:3)
  A ball python (D:1)
  A frilled lizard (D:2)
  7 rats
73 creatures vanquished.

Vanquished Creatures (others)
  An octopode (D:1)
  3 vine stalkers (D:1)
  An elf (D:1)
  A troll (D:1)
  A vampire (D:1)
  A spriggan (D:1)
  A human (D:1)
  A dwarf (D:1)
  An ogre (D:1)
  A mummy (D:1)
  3 orcs (D:1)
  8 tentacles (D:1)
23 creatures vanquished.

Grand Total: 96 creatures vanquished

Notes
Turn   | Place    | Note
-------+----------+-------------------------------------------
     0 | D:1      | Jerry the Demonspawn Fighter began the quest for the Orb.
     0 | D:1      | Reached XP level 1. HP: 18/18 MP: 1/1
     3 | D:1      | Killed a human
     6 | D:1      | Killed an ogre
     7 | D:1      | Noticed a vine stalker
     7 | D:1      | Noticed a troll
     7 | D:1      | Noticed a spriggan
     7 | D:1      | Noticed a kraken
     7 | D:1      | Noticed a vine stalker
     7 | D:1      | Noticed an octopode
     7 | D:1      | Noticed an elf
     7 | D:1      | Noticed a vampire
     7 | D:1      | Noticed a vine stalker
     7 | D:1      | Noticed a dwarf
     8 | D:1      | Killed a vine stalker
    14 | D:1      | Killed an octopode
    19 | D:1      | Killed a vampire
    19 | D:1      | Killed a vine stalker
    20 | D:1      | Killed a spriggan
    22 | D:1      | Killed an elf
    22 | D:1      | Killed a troll
    22 | D:1      | Killed a dwarf
    23 | D:1      | Killed a vine stalker
   170 | D:1      | Gained mutation: You have a somewhat thin skeletal
                  | structure. (Dex +2, Stealth) [demonic ancestry]
   170 | D:1      | Reached XP level 2. HP: 24/24 MP: 2/2
   715 | D:1      | Gained mutation: You have large cloven feet. [demonic
                  | ancestry]
   715 | D:1      | Reached XP level 3. HP: 26/29 MP: 3/3
  1539 | D:3      | Reached XP level 4. HP: 33/35 MP: 4/4
  1565 | D:3      | Found a shimmering altar of Xom.
  1832 | D:3      | Gained mutation: You have hoof-like feet. [demonic
                  | ancestry]
  1832 | D:3      | Reached XP level 5. HP: 35/42 MP: 5/5
  2120 | D:4      | Noticed an ogre
  2129 | D:4      | Killed an ogre
  2174 | D:4      | Slain by a worker ant

Skill      XL: |  1  2  3  4  5 |
---------------+----------------+-----
Maces & Flails | 2 3 4 |  4.2
Armour         | 3 |  3.7
Fighting       | 4 |  4.2
Shields        | |  2.6

Action                   |  1- 3 |  4- 6 || total
-------------------------+-------+-------++-------
Melee: Flail             |    59 |       ||    59
       Whip              |    53 |   107 ||   160
       Kick              |     6 |       ||     6
  Use: Scroll            |     4 |     5 ||     9
 Stab: Sleeping          |     1 |       ||     1
  Eat: Chunk             |     2 |     2 ||     4
Armor: Scale mail        |    18 |       ||    18
       Ring mail         |    27 |    30 ||    57
Dodge: Dodged            |    72 |    75 ||   147
